 Dungeon Crawl Stone Soup version 0.21-a0-265-gb353147 (webtiles) character file.

24 4thArraOfDagon the Bolt Thrower (level 3, 0/26 HPs)
             Began as a Barachi Arcane Marksman on Sept 11, 2017.
             Succumbed to an adder's poison
             ... on level 2 of the Dungeon.
             The game lasted 00:00:57 (214 turns).

4thArraOfDagon the Bolt Thrower (BaAM)               Turns: 214, Time: 00:00:58

Health: 0/26       AC:  2    Str: 11    XL:     3   Next: 2%
Magic:  4/4        EV: 12    Int: 14    God:
Gold:   22         SH:  0    Dex: 12    Spells: 3/4 levels left

rFire    . . .     SeeInvis .   a - +0 hand crossbow
rCold    . . .     Gourm    .   (no shield)
rNeg     . . .     Faith    .   e - +0 robe
rPois    .         Spirit   .   (no helmet)
rElec    .         Reflect  .   (no cloak)
rCorr    .         Harm     .   (no gloves)
MR       .....                  (no boots)
Stlth    +.........             (no amulet)
HPRegen  0.08/turn              (no ring)
MPRegen  0.09/turn              (no ring)

@: lethally poisoned (0 -> -8), can't hop, slow
A: +LOS, swims, slowness 1, strong legs 1
a: Hop


You were on level 2 of the Dungeon.
You were not hungry.

You visited 1 branch of the dungeon, and saw 2 of its levels.

You collected 22 gold pieces.

Inventory:

Hand Weapons
 a - a +0 hand crossbow (weapon)
Missiles
 d - 4 bolts (quivered)
Armour
 e - a +0 robe (worn)
Scrolls
 b - a scroll of identify {unknown}
 g - a scroll of amnesia {unknown}
 i - a scroll of immolation {unknown}
Books
 c - a book of Debilitation

   Spells                             Type                      Level
   a - Corona                         Hexes                        1
   b - Slow                           Hexes                        2
   c - Inner Flame                    Hexes/Fire                   3
   d - Portal Projectile              Hexes/Translocation          3
   e - Cause Fear                     Hexes                        4
   f - Leda's Liquefaction            Hexes/Earth                  4
Comestibles
 f - a bread ration
 h - a meat ration


   Skills:
 - Level 1.2 Fighting
 * Level 3.4 Crossbows
 - Level 2.1 Dodging
 - Level 1.1 Spellcasting
 - Level 3.2 Hexes


You had 3 spell levels left.
You knew the following spells:

 Your Spells              Type           Power        Failure   Level  Hunger
a - Corona                Hex            #......      7%          1    ##.....


Dungeon Overview and Level Annotations

Branches:
Dungeon (2/15)

Altars:


Innate Abilities, Weirdness & Mutations

Shadows flee at your approach. (+LOS)
You can swim through water.
You cover ground slowly.
You can hop short distances.


Message History

The adder poisons you! The adder completely misses you.
Unknown command.
Firing (i - inventory):
d - 6 bolts (quivered)
Press: ? - help, Shift-Dir - straight line, f/p - adder
Aim: an adder (almost dead)
You shoot a bolt. The bolt hits the adder.
You kill the adder!
You have reached level 3!
Your experience leads to an increase in your attributes!
Increase (S)trength, (I)ntelligence, or (D)exterity?
You feel clever.
* * * LOW HITPOINT WARNING * * *
You feel sick.
Unknown command.
Firing (i - inventory):
d - 5 bolts (quivered)
Press: ? - help, Shift-Dir - straight line, f - worm
Aim: a worm You shoot a bolt.
The bolt hits the worm!
The worm is moderately wounded.
You die...

.............w.......
...........%....#..#
....#.(.l#######.!#
......g)..g....>...#
#.###S#...#####(...#
#......# #)####
#.......# #w#
.....?...# #)#
..........# #@#
#....................#
...............######
........########


You could see a worm.

Vanquished Creatures
  An adder (D:2)
  A dart slug (D:1)
  A leopard gecko (D:2)
  2 hobgoblins (D:2)
  3 bats
  4 kobolds
  A rat (D:1)
13 creatures vanquished.

Notes
Turn   | Place    | Note
-------+----------+-------------------------------------------
     0 | D:1      | 4thArraOfDagon the Barachi Arcane Marksman began the quest for the Orb.
     0 | D:1      | Reached XP level 1. HP: 15/15 MP: 2/2
   168 | D:1      | Reached XP level 2. HP: 21/21 MP: 3/3
   212 | D:2      | HP: 1/21 [adder (2)]
   213 | D:2      | Reached XP level 3. HP: 2/26 MP: 4/4
   214 | D:2      | Succumbed to an adder's poison

Vault maps used:
D:1:      doesnt_arrival_eight_statues, corexii_hall_statues_l, glass_columns_a
D:2:      st_stairs_14, grunt_ministairs_1, kennysheep_generic_room_11

Skill      XL: |  1  2 |
---------------+-------+-----
Crossbows      | 3 |  3.4
Fighting       | |  1.2
Dodging        | |  2.1
Spellcasting   | |  1.1
Hexes          | |  3.2

Action                   || total
-------------------------++-------
 Fire: Hand crossbow     ||    25
 Abil: Hop               ||     1
Armor: Robe              ||     4
Dodge: Dodged            ||    16

Table legend:
 A = Spawn XP
 B = Non-spawn XP
 C = Spawn XP percentage of total XP
 D = Spawn monster count
 E = Non-spawn monster count
 F = Spawn count percentage of total count
 G = Total turns spent on level
                    A         B        C        D         E        F      G
               +---------+---------+-------+---------+---------+-------+---------
         Total |       0 |      35 |   0.0 |       0 |      13 |   0.0 |   214
               +---------+---------+-------+---------+---------+-------+---------
           D:1 |       0 |      10 |   0.0 |       0 |       6 |   0.0 |   189
           D:2 |       0 |      25 |   0.0 |       0 |       7 |   0.0 |    25
               +---------+---------+-------+---------+---------+-------+---------
